 Dungeon Crawl Stone Soup version 0.30-a0-354-g6b83867211 (webtiles) character file.

Game seed: 6133239566126963120

51 RascalDebosk the Magician (level 4, -5/31 HPs)
             Began as a Djinni Air Elementalist on Nov 7, 2022.
             Slain by a gnoll
             ... wielding a +0 flail
              (10 damage)
             ... on level 3 of the Dungeon.
             The game lasted 00:09:18 (1492 turns).

RascalDebosk the Magician (Djinni Air Elementalist) Turns: 1492, Time: 00:09:19

Health: -5/31      AC:  2    Str:  7    XL:     4   Next: 5%
Gold:   122        EV: 12    Int: 19    God:
                   SH:  0    Dex: 13

rFire   + + .      SeeInvis .    (no weapon)
rCold   x . .      Faith    .    (no shield)
rNeg    . . .      Spirit   .    a - +0 robe
rPois   ∞          Reflect  .    (no helmet)
rElec   .          Harm     .    (no cloak)
rCorr   .          Rampage  .    (no gloves)
Will    .....                    (boots unavailable)
Stlth   ++........               (no amulet)
HPRegen 0.25/turn                (no ring)
MPRegen 0.00/turn                (no ring)

@: flying
A: sickness immunity, fire resistance 2, cold vulnerability 1, float, innate
caster, HP casting, extra vitality 1
a: no special abilities


You were on level 3 of the Dungeon.
You visited 1 branch of the dungeon, and saw 3 of its levels.

You collected 122 gold pieces.

Inventory:

Armour
 a - a +0 robe (worn)
Scrolls
 c - a scroll of poison {unknown}
 e - a scroll of torment {unknown}
 h - a scroll of enchant weapon {unknown}
Potions
 b - a potion of brilliance {unknown}
 d - a potion of resistance {unknown}
 f - a potion of berserk rage {unknown}
 g - a potion of mutation {unknown}


   Skills:
 - Level 2.1 Dodging
 - Level 1.5 Stealth
 * Level 3.6 Spellcasting


You couldn't memorise any spells.
You knew the following spells:

 Your Spells              Type           Power      Damage    Failure   Level
a - Shock                 Conj/Air       68%        1d7       3%          1
b - Static Discharge      Conj/Air       34%        2-4/arc   4%          2
c - Swiftness             Air            17%        N/A       10%         3
d - Airstrike             Air            8%         2d(2-18)  32%         4
e - Beastly Appendage     Tmut           34%        N/A       3%          1
Your spell library was empty.

Dungeon Overview and Level Annotations

Branches:
Dungeon (3/15)

Altars:
Wu Jian
Xom


Innate Abilities, Weirdness & Mutations

You are immune to sickness and miasma.
You are immune to poison.
Your flesh is very heat resistant. (rF++)
You are vulnerable to cold. (rC-)
You float through the air rather than walking.
You learn spells naturally, not from books.
Your magical power is your life essence.
You have superior vitality. (+4 MHP)


Message History

A ball python comes into view.
Casting: Shock (safe; 3% risk of failure)
Confirm with . or Enter, or press ? or * to list all spells.
The ball python is struck by an arc of lightning.
You kill the ball python!
You are struck by an arc of lightning.
The lightning grounds out.
A hobgoblin comes into view.
The hobgoblin shouts!
Casting: Static Discharge (safe; 5% risk of failure)
Confirm with . or Enter, or press ? or * to list all spells.
The hobgoblin is struck by an arc of lightning.
The hobgoblin is almost dead.
You are struck by an arc of lightning.
The hobgoblin is struck by an arc of lightning.
You kill the hobgoblin!
The lightning grounds out.
There is an open door here.
Done exploring.
There is a stone staircase leading down here.
You fly downwards.
You hear the sound of rushing water.
There is an entrance to a sewer on this level.
Hurry and find it before the portal rusts away!
There is a stone staircase leading up here.
Found 4 large rocks and a leather armour.
Found 12 gold pieces.
You now have 122 gold pieces (gained 12).
A ball python comes into view.
Found 5 gold pieces.
The ball python hisses angrily.
Found a leather armour.
The ball python completely misses you. x2
The ball python attacks as you move away!
The ball python misses you. x2; The ball python closely misses you.
The ball python barely misses you. 2 gnolls come into view.
The gnoll shouts!
A hobgoblin comes into view.
A gnoll comes into view. It is wielding a +0 spear.
The ball python barely misses you. The ball python grabs you.
The ball python constricts you.
You escape the ball python's grasp.
A gnoll comes into view. It is wielding a +0 flail.
An endoplasm comes into view.
The gnoll shouts!
The ball python attacks as you move away!
The ball python closely misses you.
The gnoll shouts!
You reach down and open the door.
The ball python bites you. The ball python barely misses you.
The hobgoblin barely misses you.
The ball python attacks as you move away!
The ball python bites you.
Found 13 gold pieces.
The endoplasm quivers.
The ball python completely misses you. The ball python misses you.
There is an open door here.
The gnoll attacks as you move away! The gnoll hits you with a +0 flail.
Found an ornate altar of the Wu Jian Council.
The endoplasm hits you but does no damage.
Casting: Static Discharge (safe; 5% risk of failure)
Confirm with . or Enter, or press ? or * to list all spells.
The ball python is struck by an arc of lightning.
You kill the ball python!
You are struck by an arc of lightning.
The endoplasm is struck by an arc of lightning.
You kill the endoplasm!
The lightning grounds out.
You have reached level 4!
You feel clever.
Casting: Static Discharge (safe; 4% risk of failure)
Confirm with . or Enter, or press ? or * to list all spells.
The hobgoblin is struck by an arc of lightning.
You kill the hobgoblin!
The gnoll is struck by an arc of lightning.
The gnoll is heavily wounded.
Something is struck by an arc of lightning.
The gnoll is struck by an arc of lightning.
The gnoll is almost dead.
The lightning grounds out.
* * * LOW HITPOINT WARNING * * *
The gnoll barely misses you. x2
Casting: Static Discharge (safe; 4% risk of failure)
Confirm with . or Enter, or press ? or * to list all spells.
The gnoll is struck by an arc of lightning.
You kill the gnoll!
The gnoll is struck by an arc of lightning.
The gnoll is severely wounded.
The gnoll is struck by an arc of lightning.
The gnoll is moderately wounded.
The lightning grounds out.
The gnoll is struck by an arc of lightning.
The gnoll is heavily wounded.
You are struck by an arc of lightning.
* * * LOW HITPOINT WARNING * * *
The gnoll is struck by an arc of lightning.
The gnoll is severely wounded.
The lightning grounds out.
* * * LOW HITPOINT WARNING * * *
The gnoll hits you from afar with a +0 spear.
* * * LOW HITPOINT WARNING * * *
The gnoll hits you with a +0 flail!
You die...

....+...........
....#......#...#......♣
......................♣♣
.......................♣
.....$.#[..............♣
.......................♣
...............#.......♣
.......#...#..g#......$.
..............g)@.......
..######.#.#...#g.......
......................._
...##.......##.#........
......................#.
............##..........
............##......##.♣
.#.##.......##......# .♣
.#.# ###


You could see 3 gnolls.

Vanquished Creatures
  2 gnolls
  A worm (D:2)
  3 endoplasms
  2 giant cockroaches
  3 goblins
  8 hobgoblins
  A kobold (D:1)
  A quokka (D:1)
  4 ball pythons
  4 bats
  2 frilled lizards (D:1)
  3 rats
34 creatures vanquished.

Notes
Turn   | Place    | Note
-------+----------+-------------------------------------------
     0 | D:1      | RascalDebosk the Djinni Air Elementalist began the quest
                  | for the Orb.
     0 | D:1      | RascalDebosk set off with the following spells memorised:
                  | Shock, Static Discharge, Swiftness, Airstrike.
     0 | D:1      | Reached XP level 1. HP: 15/15 MP: 0/0
   171 | D:1      | Reached XP level 2. HP: 20/21 MP: 0/0
   221 | D:1      | Reached skill level 3 in Spellcasting
   409 | D:1      | Reached XP level 3. HP: 24/25 MP: 0/0
   409 | D:1      | Learned a level 1 spell: Beastly Appendage
  1070 | D:2      | Found a shimmering altar of Xom.
  1489 | D:3      | Found an ornate altar of the Wu Jian Council.
  1491 | D:3      | Reached XP level 4. HP: 17/31 MP: 0/0
  1492 | D:3      | Slain by a gnoll

Illustrated notes

Levels and vault maps discovered:
D:1:      dpeg_arrival_circle_labyrinth_c, layout_rooms
D:2:      layout_basic, basic_altar
D:3:      layout_basic, mainiacjoe_overflow_catch_the_wave, serial_rivers,
          chequers_serial_rivers_marsh, chequers_serial_rivers_micro_a,
          chequers_serial_rivers_marsh, chequers_serial_rivers_small_b,
          chequers_serial_rivers_micro_a, chequers_serial_rivers_micro_e,
          portal_sewer_entry_d

Skill      XL: |  1  2 |
---------------+-------+-----
Spellcasting   | 3 |  3.6
Dodging        | |  2.1
Stealth        | |  1.5

Action                   |  1- 3 |  4- 6 || total
-------------------------+-------+-------++-------
 Cast: Shock             |    54 |       ||    54
       Static Discharge  |     3 |     2 ||     5
       Swiftness         |     1 |       ||     1
Armor: Robe              |     3 |       ||     3
Dodge: Dodged            |    16 |     2 ||    18

Table legend: (Time is in decaauts)
 A = Elapsed time spent in this place.
 B = Non-inter-level travel time spent in this place.
 C = Inter-level travel time spent in this place.
 D = Time resting spent in this place.
 E = Time spent auto-exploring this place.
 F = Levels seen in this place.
 G = Mean time per level.
                   A        B        C        D        E       F      G
               +--------+--------+--------+--------+--------+-----+--------+
         Total |   1493 |   1415 |     78 |      0 |   1209 |   3 |  497.7 |
       Dungeon |   1493 |   1415 |     78 |      0 |   1209 |   3 |  497.7 |
               +--------+--------+--------+--------+--------+-----+--------+

Top non-repeatable levels by time:
     D:2: 765 daAuts
     D:1: 693 daAuts
     D:3: 34 daAuts
